 Dungeon Crawl Stone Soup version 0.25-a0-35-g747a2b3c0c (webtiles) character file.

Game seed: 13740379725177369849, levelgen mode: deterministic

531 Arixos the Ducker (level 7, -8/55 HPs)
             Began as a Demonspawn Gladiator on Oct 18, 2019.
             Mangled by Menkaure (15 damage)
             ... on level 5 of the Dungeon.
             The game lasted 00:13:39 (4332 turns).

Arixos the Ducker (Demonspawn Gladiator)            Turns: 4332, Time: 00:13:39

Health: -8/55      AC: 20    Str: 15    XL:     7   Next: 3%
Magic:  7/7        EV:  6    Int: 10    God:
Gold:   180        SH:  0    Dex: 15    Spells: 6/6 levels left

rFire    . . .     SeeInvis .   o - +2 dagger (venom)
rCold    . . .     Gourm    .   (no shield)
rNeg     . . .     Faith    .   d - +0 plate armour
rPois    .         Spirit   .   c - +0 helmet
rElec    .         Reflect  .   r - +0 cloak
rCorr    .         Harm     .   (no gloves)
MR       .....                  (no boots)
Stlth    ..........             (no amulet)
HPRegen  0.18/turn              p - +4 ring of protection
MPRegen  0.10/turn              (no ring)

@: no status effects
A: yellow scales 2
a: no special abilities


You were on level 5 of the Dungeon.
You were not hungry.

You visited 1 branch of the dungeon, and saw 5 of its levels.

You collected 180 gold pieces.

Inventory:

Hand Weapons
 a - a +0 quarterstaff
 o - a +2 dagger of venom (weapon)
 u - a +2 mace of crushing
Missiles
 l - 15 poisoned darts (quivered)
Armour
 c - a +0 helmet (worn)
 d - a +0 plate armour (worn)
 r - a +0 cloak (worn)
Jewellery
 p - a +4 ring of protection (left hand)
Scrolls
 e - 3 scrolls of amnesia {unknown}
 g - 5 scrolls of identify {unknown}
 h - 4 scrolls of remove curse {unknown}
 k - a scroll of random uselessness {unknown}
 n - a scroll of magic mapping {unknown}
Potions
 b - a potion of degeneration {unknown}
 i - 2 potions of heal wounds {unknown}
 j - 4 potions of curing {unknown}
 m - a potion of cancellation {unknown}
 q - a potion of haste {unknown}
 s - a potion of agility {unknown}
Comestibles
 f - 6 rations
 t - 7 chunks of flesh


   Skills:
 + Level 4.6 Fighting
 - Level 2.6 Staves
 - Level 1.7 Throwing
 + Level 3.6 Armour
 + Level 4.7 Dodging


You had 6 spell levels left.
You didn't know any spells.
Your spell library was empty.

Dungeon Overview and Level Annotations

Branches:
Dungeon (5/15)             Temple (0/1) D:4

Altars:
Ashenzari
Kikubaaqudgha
Sif Muna
The Shining One

Annotations:
D:5 Menkaure


Innate Abilities, Weirdness & Mutations

You are mostly covered in yellow scales. (AC +3)


Message History

The ogre is heavily wounded.
Menkaure calls on the powers of darkness!
The ogre convulses!
Your body is wracked with pain!
The ogre hits you with a +0 giant club!
* * * LOW HITPOINT WARNING * * *
You kill the ogre!
You have reached level 7!
Your demonic ancestry asserts itself...
Yellow scales spread over more of your body.
Menkaure calls on the powers of darkness!
Your body is wracked with pain!
* * * LOW HITPOINT WARNING * * *
Menkaure calls on the powers of darkness!
Your body is wracked with pain!
* * * LOW HITPOINT WARNING * * *
You hit Menkaure but do no damage. Menkaure barely misses you.
You hit Menkaure.
Menkaure is lightly damaged.
Menkaure hits you!
You die...

.......# .## ##..#.#
........##. #..##.#
.###......# ##.## . .#
##.....# ##.## .. .
#....)#.###.## ..
.........#....# ..#
.............## ..#
#.. #....5...#####..>#
.
##.###...####M@......#
.##...###..#
#....####.
.......#..#####....#
..........###......#
......##...........#
.......)...........#
.#.................#
....................)
..[.5#####............


You could see Menkaure and a crimson imp.

Vanquished Creatures
  An ogre (D:5)
  A centaur (D:5)
  A centaur zombie (D:5)
  2 hounds
  An orc priest (D:4)
  A centaur skeleton (D:4)
  An iguana (D:5)
  A worker ant (D:4)
  A gnoll (D:5)
  5 adders
  2 oozes
  2 worms (D:2)
  A dart slug (D:4)
  5 leopard geckos
  14 orcs
  8 bats
  3 giant cockroaches
  10 goblins
  9 hobgoblins
  2 jackals (D:1)
  13 kobolds
  2 quokkas
  6 frilled lizards
  A giant cockroach zombie (D:5)
  9 rats
  A plant (D:1)
103 creatures vanquished.

Notes
Turn   | Place    | Note
-------+----------+-------------------------------------------
     0 | D:1      | Arixos the Demonspawn Gladiator began the quest for the
                  | Orb.
     0 | D:1      | Reached XP level 1. HP: 16/16 MP: 1/1
   393 | D:1      | Gained mutation: You are partially covered in yellow
                  | scales. (AC +2) [demonic ancestry]
   393 | D:1      | Reached XP level 2. HP: 12/22 MP: 2/2
   790 | D:1      | Reached skill level 1 in Armour
  1163 | D:1      | Reached XP level 3. HP: 16/28 MP: 3/3
  2039 | D:2      | Found a shimmering blue altar of Sif Muna.
  2040 | D:2      | Found a glowing golden altar of the Shining One.
  2149 | D:2      | Reached XP level 4. HP: 28/34 MP: 4/4
  2515 | D:3      | Found a shattered altar of Ashenzari.
  3140 | D:3      | Reached XP level 5. HP: 41/41 MP: 5/5
  3335 | D:4      | Found a staircase to the Ecumenical Temple.
  3438 | D:4      | Found an ancient bone altar of Kikubaaqudgha.
  3794 | D:4      | Reached XP level 6. HP: 42/48 MP: 6/6
  4016 | D:5      | Entered Level 5 of the Dungeon
  4304 | D:5      | Noticed Menkaure
  4321 | D:5      | Gained mutation: You are mostly covered in yellow scales.
                  | (AC +3) [demonic ancestry]
  4321 | D:5      | Reached XP level 7. HP: 11/55 MP: 7/7
  4332 | D:5      | Mangled by Menkaure

Levels and vault maps discovered:
D:1:      saegor_arrival_simple_a, layout_loops_ring, lexackson_kobold_supper
D:2:      layout_basic, gammafunk_temple_overflow_statue
D:3:      layout_loops_ring, evilmike_ruin_ashenzari
D:4:      layout_cave_pods, lemuel_round_altar, minmay_temple_entry_trees
D:5:      layout_layer_cave, serial_shops, nicolae_shop_trees, first_ration,
          st_stairs_9, uniq_menkaure

Skill      XL: |  1  2  3  4  5 |
---------------+----------------+-----
Dodging        | 3 4 |  4.7
Armour         | 1 2 3 |  3.6
Fighting       | 3 4 |  4.6
Staves         | |  2.6
Throwing       | |  1.7

Action                   |  1- 3 |  4- 6 |  7- 9 || total
-------------------------+-------+-------+-------++-------
Melee: Quarterstaff      |   161 |    42 |       ||   203
       Dagger            |       |   173 |     2 ||   175
 Stab: Sleeping          |     2 |       |       ||     2
  Eat: Chunk             |     4 |     7 |       ||    11
Armor: Leather armour    |    57 |    18 |       ||    75
       Plate armour      |       |    85 |       ||    85
Dodge: Dodged            |    96 |    87 |     1 ||   184

Table legend:
 A = Non-vault XP
 B = Vault XP
 C = Vault XP percentage of total XP
 D = Non-vault monster count
 E = Vault monster count
 F = Vault count percentage of total count
                 A         B        C        D         E       F
            +---------+---------+-------+---------+---------+-------
      Total |     731 |      28 |   3.7 |      93 |       9 |   8.8
            +---------+---------+-------+---------+---------+-------
        D:1 |      34 |      13 |  27.7 |      19 |       8 |  29.6
        D:2 |      74 |       0 |   0.0 |      26 |       0 |   0.0
        D:3 |     115 |       0 |   0.0 |      27 |       0 |   0.0
        D:4 |     195 |       0 |   0.0 |      12 |       0 |   0.0
        D:5 |     313 |      15 |   4.6 |       9 |       1 |  10.0
            +---------+---------+-------+---------+---------+-------
